 Dungeon Crawl Stone Soup version 0.31-a0-182-gc5ef74bbde (webtiles) character file.

Game seed: 5368785677589421912

817 ketsa the Insei (level 7, -9/41 HPs)
             Began as a Vampire Gladiator on June 20, 2023.
             Was a Believer of Lugonu.
             Mangled by an acid dragon (10 damage)
             ... on level 6 of the Dungeon.
             The game lasted 00:14:48 (5144 turns).

ketsa the Insei (Vampire Gladiator)                 Turns: 5144, Time: 00:14:49

Health: -9/41      AC:  0    Str: 25    XL:     7   Next: 62%
Magic:  8/8        EV: 13    Int: 10    God:    Lugonu [**....]
Gold:   282        SH:  0    Dex: 18    Spells: 6/6 levels left

rFire   . .          .
                       - Unarmed
rCold   + + .        (no shield)
rNeg    + + +        a - +0 leather armour
rPois   ∞            x - +0 helmet
rElec   .            (no cloak)
rCorr   .            (no gloves)
SInv    +            (no boots)
Will    .....        (no amulet)
Stlth   +++++        e - +6 ring of strength
HPRegen 0.00/turn    k - +6 ring of strength
MPRegen 0.11/turn

%: no passive effects
@: corroded, bloodless, inhibited regen
A: bloodless, fangs 3, see invisible, vampiric 2
a: Bat Form, Revivify, Renounce Religion, Depart the Abyss, Banish


You were on level 6 of the Dungeon.
You worshipped Lugonu.
Lugonu was pleased with you.
You visited 2 branches of the dungeon, and saw 7 of its levels.

You collected 282 gold pieces.

Inventory:

Hand Weapons
 h - a +2 dagger of protection
 w - the +7 mace "Hougrul" {vamp, rElec Int+4}
   (You found it on level 5 of the Dungeon)

   Int:       It affects your intelligence (+4).
   rElec:     It insulates you from electricity.
Missiles
 c - 4 throwing nets
 d - a javelin
 r - 9 poisoned darts (quivered)
Armour
 a - a +0 leather armour (worn)
 b - a +0 helmet
 l - a +0 pair of gloves
 n - a +0 ring mail
 x - a +0 helmet (worn)
Magical Staves
 m - a staff of cold
Jewellery
 e - a +6 ring of strength (left hand)
 i - an amulet of magic regeneration
 k - a +6 ring of strength (right hand)
 s - a +6 ring of intelligence
 v - a ring of poison resistance
Wands
 f - a wand of flame (25)
 j - a wand of quicksilver (9)
Scrolls
 p - a scroll of vulnerability
 t - a scroll of immolation {unknown}
 u - a scroll of noise {unknown}
 y - 2 scrolls of teleportation {unknown}
Potions
 g - a potion of mutation {unknown}
 o - a potion of resistance
 q - a potion of heal wounds
 z - 3 potions of degeneration {unknown}


   Skills:
 + Level 3.4 Fighting
 - Level 1.5 Throwing
 - Level 3.2 Dodging
 + Level 5.0 Stealth
 + Level 7.7 Unarmed Combat
 + Level 2.6 Invocations


You had 6 spell levels left.
You didn't know any spells.
Your spell library contained the following spells:

 Spells                   Type           Power      Damage    Failure   Level
 Blink                    Tloc           0%         N/A       54%         2
 Lesser Beckoning         Tloc           0%         N/A       54%         2
 Momentum Strike          Conj/Tloc      0%         3d8       54%         2
 Frozen Ramparts          Ice            0%         1d1       78%         3
 Ice Form                 Ice/Tmut       0%         N/A       99%         4
 Leda's Liquefaction      Hex/Erth       0%         N/A       99%         4
 Summon Ice Beast         Ice/Summ       0%         N/A       99%         4
 Lee's Rapid Deconstruct  Erth           0%         3d4*      100%        5
 Leda's Unmaking          Conj/Erth      0%         9d1       100%        6
 Statue Form              Tmut/Erth      0%         N/A       100%        6


Dungeon Overview and Level Annotations

Branches:
Dungeon (6/15)             Temple (1/1) D:5

Altars:
Cheibriados
Dithmenos
Hepliaklqana
Kikubaaqudgha
Makhleb
Okawaru
Qazlal
Sif Muna
Vehumet
Wu Jian
Xom
Yredelemnul
Lugonu

Annotations:
D:3 Sigmund
D:5 exclusion: downstairs
D:6 Maggie


Innate Abilities, Weirdness & Mutations

You do not regenerate when monsters are visible.
You are frail without blood (-20% HP).
You can heal yourself when you bite living creatures.
You are immune to poison.
You have razor-sharp teeth.
You have supernaturally acute eyesight. (SInv)
You are afflicted with vampirism and can become a bat while bloodless.


Message History

An adder is nearby!
An acid dragon comes into view.
Found a scroll labelled ZUNUIF LOXTONE.
You start resting.
HP restored.
An adder comes into view.
Found a crystal plate armour.
The helpless acid dragon fails to defend itself.
You hit the acid dragon but do no damage.
The acid dragon closely misses you. The acid dragon claws you.
You hit the acid dragon.
The acid dragon is lightly wounded.
The acid dragon bites you but does no damage.
The acid dragon claws you but does no damage.
You punch the acid dragon!
The acid dragon is severely wounded.
The acid dragon bites you!
The acid dragon claws you but does no damage.
You completely miss the acid dragon.
The acid dragon is severely wounded.
The adder hisses angrily.
The acid dragon spits acid at you. The splash of acid hits you!!
Ouch! That really hurt!
* * * LOW HITPOINT WARNING * * *
The acid corrodes you!
You hear an angry hiss.
You barely miss the acid dragon. You bite the acid dragon.
You draw the acid dragon's blood!
You feel better.
The acid dragon is severely wounded.
You hit the acid dragon.
The acid dragon is almost dead.
The acid dragon misses you. The acid dragon claws you.
* * * LOW HITPOINT WARNING * * *
The adder bites you.
* * * LOW HITPOINT WARNING * * *
You completely miss the acid dragon.
The acid dragon is almost dead.
The acid dragon bites you!
You die...

.S ... .#..
...######
#..##.<#
###.##.##
#......#
#...#.##.#
... #..#.#
# ..###@#.#
#.....DS..#
..#####...#
#.#.# #.#..
#.#.##
#.#.# #.#?#
..#


You could see an acid dragon and an adder.

Vanquished Creatures
  Menkaure (D:5)
  An ice beast (D:5)
  A black bear (D:3)
  A scorpion (D:5)
  A gnoll sergeant (D:5)
  2 hounds (D:4)
  Ijyb (D:4)
  An iguana (D:5)
  An orc wizard (D:3)
  7 gnolls (D:5)
  9 adders
  2 worms
  A dart slug (D:1)
  16 orcs
  10 ball pythons
  5 endoplasms
  5 giant cockroaches
  5 goblins
  4 hobgoblins
  6 jackals
  4 quokkas
  4 bats
  4 frilled lizards
  9 kobolds
  5 rats
106 creatures vanquished.

Vanquished Creatures (others)
  An orc (D:3)
1 creature vanquished.

Grand Total: 107 creatures vanquished

Notes
Turn   | Place    | Note
-------+----------+-------------------------------------------
     0 | D:1      | ketsa the Vampire Gladiator began the quest for the Orb.
     0 | D:1      | Reached XP level 1. HP: 16/16 MP: 1/1
   292 | D:1      | Reached XP level 2. HP: 21/22 MP: 2/2
   293 | D:1      | Reached skill level 4 in Unarmed Combat
  1068 | D:2      | Gained mutation: You are afflicted with vampirism and can
                  | become a bat while bloodless. [Vampire growth]
  1068 | D:2      | Reached XP level 3. HP: 9/27 MP: 3/3
  1619 | D:2      | Reached skill level 5 in Unarmed Combat
  1892 | D:3      | Noticed a black bear
  2021 | D:3      | Reached XP level 4. HP: 32/33 MP: 4/4
  2070 | D:3      | Killed a black bear
  2071 | D:3      | Reached skill level 6 in Unarmed Combat
  2071 | D:3      | Reached XP level 5. HP: 19/38 MP: 5/5
  2085 | D:3      | Noticed Sigmund
  2489 | D:3      | Found a faded altar of an unknown god.
  2649 | D:3      | Prayed at the altar of an unknown god.
  2649 | D:3      | Became a worshipper of Lugonu the Unformed
  2649 | D:3      | Reached * piety under Lugonu
  2685 | D:3      | Reached skill level 1 in Stealth
  2994 | D:4      | Noticed Ijyb
  3022 | D:4      | Killed Ijyb
  3023 | D:4      | Reached skill level 7 in Unarmed Combat
  3202 | D:4      | Reached XP level 6. HP: 42/44 MP: 6/6
  3293 | D:4      | Reached skill level 1 in Invocations
  3594 | D:5      | Entered Level 5 of the Dungeon
  3633 | D:5      | Identified the +7 mace "Hougrul" {vamp, rElec Int+4}
  3702 | D:5      | Noticed an ice beast
  3801 | D:5      | Reached ** piety under Lugonu
  4311 | D:5      | Noticed Menkaure
  4319 | D:5      | Killed Menkaure
  4320 | D:5      | Reached XP level 7. HP: 43/51 MP: 8/8
  4691 | D:5      | Found a staircase to the Ecumenical Temple.
  4703 | Temple   | Entered the Ecumenical Temple
  4989 | D:6      | Noticed Maggie
  5102 | D:6      | Reached skill level 5 in Stealth
  5143 | D:6      | HP: 1/41 [adder (3)]
  5144 | D:6      | Mangled by an acid dragon

Illustrated notes

Levels and vault maps discovered:
D:1:      nzn_arrival_depleted_hourglass, layout_loops_corners, moated_statue,
          chequers_serial_rivers_micro_d, chequers_serial_rivers_small_b,
          columned_hall_lemuel
D:2:      layout_basic
D:3:      layout_basic, shapermc_ecumenical_altar_starsandcircs, uniq_sigmund
D:4:      nicolae_cairo_tiling_large_dashed, layout_rooms, uniq_ijyb
D:5:      layout_loops_ring, minmay_temple_entry_crystal_x, uniq_menkaure
D:6:      layout_rooms, uniq_maggie
Temple:   eino_wide_crystal_templ

Skill      XL: |  1  2  3  4  5  6  7 |
---------------+----------------------+-----
Unarmed Combat | 4 5 6 7 |  7.7
Stealth        | 1 3 5 |  5.0
Fighting       | 2 3 |  3.4
Invocations    | 1 2 |  2.6
Throwing       | |  1.5
Dodging        | |  3.2

Action                     |  1- 3 |  4- 6 |  7- 9 || total
---------------------------+-------+-------+-------++-------
  Melee: Unarmed           |   100 |   162 |    58 ||   320
         Bite              |     6 |    15 |     7 ||    28
         Punch             |     3 |     6 |     5 ||    14
  Throw: Throwing net      |     1 |       |       ||     1
         Dart              |       |    12 |     2 ||    14
Ability: Exsanguinate      |       |       |     1 ||     1
    Use: Scroll            |       |     6 |       ||     6
         Potion            |       |     5 |       ||     5
   Stab: Sleeping          |     1 |     4 |     1 ||     6
 Armour: Leather armour    |    27 |    46 |     4 ||    77
  Dodge: Dodged            |    59 |    94 |    35 ||   188

Table legend: (Time is in decaauts)
 A = Elapsed time spent in this place.
 B = Non-inter-level travel time spent in this place.
 C = Inter-level travel time spent in this place.
 D = Time resting spent in this place.
 E = Time spent auto-exploring this place.
 F = Levels seen in this place.
 G = Mean time per level.
                   A        B        C        D        E       F      G
               +--------+--------+--------+--------+--------+-----+--------+
         Total |   5093 |   4714 |    379 |    783 |   2354 |   7 |  727.6 |
       Dungeon |   5038 |   4671 |    367 |    783 |   2325 |   6 |  839.7 |
        Temple |     54 |     42 |     12 |      0 |     29 |   1 |   54.0 |
               +--------+--------+--------+--------+--------+-----+--------+

Top non-repeatable levels by time:
     D:5: 1373 daAuts
     D:2: 1233 daAuts
     D:1: 974 daAuts
     D:3: 776 daAuts
     D:4: 629 daAuts
  Temple: 54 daAuts
     D:6: 51 daAuts
